 Dungeon Crawl Stone Soup version 0.23-a0-301-g9da9e51 (webtiles) character file.

16 JimmahDean the Caller (level 2, -1/19 HPs)
             Began as a Merfolk Summoner on Oct 7, 2018.
             Slain by an adder (3 damage)
             ... on level 2 of the Dungeon.
             The game lasted 00:03:34 (1119 turns).

JimmahDean the Caller (Merfolk Summoner)            Turns: 1119, Time: 00:03:34

Health: -1/19      AC:  2    Str:  8    XL:     2   Next: 54%
Magic:  0/5        EV: 13    Int: 14    God:
Gold:   61         SH:  0    Dex: 14    Spells: 2/5 levels left

rFire    . . .     SeeInvis .   (no weapon)
rCold    . . .     Gourm    .   (no shield)
rNeg     . . .     Faith    .   a - +0 robe
rPois    .         Spirit   .   (no helmet)
rElec    .         Reflect  .   (no cloak)
rCorr    .         Harm     .   (no gloves)
MR       .....                  (no boots)
Stlth    ++........             (no amulet)
HPRegen  0.06/turn              (no ring)
MPRegen  0.09/turn              (no ring)

@: lethally poisoned (-1 -> -5)
A: change form in water, swift swim, stealthy swim
a: no special abilities


You were on level 2 of the Dungeon.
You were not hungry.

You visited 1 branch of the dungeon, and saw 2 of its levels.

You collected 61 gold pieces.

Inventory:

Missiles
 e - 26 poisoned needles
Armour
 a - a +0 robe (worn)
Scrolls
 b - 2 scrolls of identify {unknown}
 d - 3 scrolls of remove curse {unknown}
 h - a scroll of amnesia {unknown}
Potions
 g - 2 potions of resistance {unknown}
Comestibles
 c - 4 rations {@e1}
 f - a chunk of flesh


   Skills:
 - Level 2.6 Dodging
 - Level 2.1 Stealth
 - Level 2.0 Spellcasting
 + Level 4.6 Summonings


You had 2 spell levels left.
You knew the following spells:

 Your Spells              Type           Power        Failure   Level  Hunger
a - Summon Small Mammal   Summ           ##..         3%          1    ##.....
b - Call Imp              Summ           ##......     5%          2    ###....

Your spell library contained the following spells:

 Spells                   Type           Power        Failure   Level  Hunger
 Call Canine Familiar     Summ           ##......     11%         3    ####...
 Summon Guardian Golem    Hex/Summ       #.......     26%         3    ####...
 Summon Ice Beast         Ice/Summ       #.......     65%         4    #####..
 Summon Lightning Spire   Summ/Air       #.......     65%         4    #####..


Dungeon Overview and Level Annotations

Branches:
Dungeon (2/15)

Altars:


Message History

You barely miss the adder. The adder bites you.
* * * LOW HITPOINT WARNING * * *
Your crimson imp closely misses the adder.
The adder misses you.
You take 2 damage, and have 8/19 hp.
You hit the adder but do no damage.
Your crimson imp blinks!
The adder barely misses you.
Your crimson imp closely misses the adder.
You hit the adder. The adder bites you.
* * * LOW HITPOINT WARNING * * *
You are lethally poisoned!
The adder poisons you!
Your crimson imp hits the adder.
You take 4 damage, and have 4/19 hp.
MASSIVE DAMAGE!!
* * * LOW HITPOINT WARNING * * *
You feel sick. The adder bites you.
* * * LOW HITPOINT WARNING * * *
Your crimson imp barely misses the adder.
The adder bites you.
You die...

#..........###
#............
#...........#
#...........###
#..............
#...........#
#......5r...#
########S5.#
#......@...#
#.........?#
#......#####
#......# ####..P#
#...+ ##.P#
########..# #
#<........#####.#


You could see an adder, 2 friendly crimson imps and a friendly quokka.

Vanquished Creatures
  A goblin (D:1)
  A hobgoblin (D:1)
  A frilled lizard (D:1)
  A rat (D:1)
4 creatures vanquished.

Vanquished Creatures (collateral kills)
  An ooze (D:1)
  A leopard gecko (D:1)
  2 goblins (D:1)
  4 hobgoblins (D:1)
  A bat (D:2)
  A frilled lizard (D:1)
  A rat (D:2)
11 creatures vanquished.

Grand Total: 15 creatures vanquished

Notes
Turn   | Place    | Note
-------+----------+-------------------------------------------
     0 | D:1      | JimmahDean the Merfolk Summoner began the quest for the
                  | Orb.
     0 | D:1      | Reached XP level 1. HP: 13/13 MP: 3/3
   293 | D:1      | Reached XP level 2. HP: 19/19 MP: 3/5
   297 | D:1      | Learned a level 2 spell: Call Imp
  1119 | D:2      | Slain by an adder

Vault maps used:
D:1:      tarquinn_simple_flora_water_e, minmay_misc_feat_room
D:2:      cheibrodos_gnoll_hut

Action                   || total
-------------------------++-------
Melee: Unarmed           ||    36
 Cast: Summon Small Mamm ||    18
       Call Imp          ||     6
 Stab: Sleeping          ||     1
  Eat: Chunk             ||     1
Armor: Robe              ||     7
Dodge: Dodged            ||    18

Table legend:
 A = Non-vault XP
 B = Vault XP
 C = Vault XP percentage of total XP
 D = Non-vault monster count
 E = Vault monster count
 F = Vault count percentage of total count
                 A         B        C        D         E       F
            +---------+---------+-------+---------+---------+-------
      Total |      23 |       0 |   0.0 |      15 |       0 |   0.0
            +---------+---------+-------+---------+---------+-------
        D:1 |      21 |       0 |   0.0 |      13 |       0 |   0.0
        D:2 |       2 |       0 |   0.0 |       2 |       0 |   0.0
            +---------+---------+-------+---------+---------+-------
